 Dungeon Crawl Stone Soup version 0.31-a0-216-g22e908daa7 (webtiles) character file.

Game seed: 9456265727669887533

58 qw the Shield-Bearer (level 4, 0/28 HPs)
             Began as a Gargoyle Fighter on July 2, 2023.
             Slain by a cerulean imp
             ... wielding a +0 spear
             ... summoned by Natasha
              (4 damage)
             ... on level 2 of the Dungeon.
             The game lasted 00:00:26 (839 turns).

qw the Shield-Bearer (Gargoyle Fighter)              Turns: 839, Time: 00:00:27

Health: 0/28       AC: 12    Str: 22    XL:     4   Next: 2%
Magic:  4/4        EV:  7    Int:  8    God:
Gold:   19         SH:  8    Dex:  9    Spells: 3/3 levels left

rFire   . . .        Y - +0 war axe
rCold   . . .        e - +0 kite shield
rNeg    + . .        g - +0 chain mail
rPois   inf          (no helmet)
rElec   +            (no cloak)
rCorr   .            (no gloves)
SInv    .            (no boots)
Will    .....        (no amulet) Stlth
                     (no ring)
HPRegen 0.24/turn    (no ring)
MPRegen 0.09/turn

%: no passive effects
@: no status effects
A: sickness immunity, AC +3, negative energy resistance 1, electricity
resistance, torment resistance 1, petrification resistance
a: no special abilities


You were on level 2 of the Dungeon.
You visited 1 branch of the dungeon, and saw 2 of its levels.

You collected 19 gold pieces.


Innate Abilities, Weirdness & Mutations

You are immune to sickness and miasma.
Your stone body is resilient. (AC +3)
You are immune to poison.
You resist negative energy. (rN+)
You are resistant to electric shocks. (rElec)
You are resistant to unholy torment.
You are immune to petrification.


   Skills:
 - Level 3.2 Fighting
 + Level 3.3 Axes
 - Level 3.2 Armour
 - Level 4.0 Shields


You had 3 spell levels left.
You didn't know any spells.
Your spell library was empty.

Inventory:

Hand Weapons
 f - a +0 club
 Y - a +0 war axe (weapon)
Armour
 a - a +2 ring mail of poison resistance
 e - a +0 kite shield (worn)
 g - a +0 chain mail (worn)
Potions
 d - a potion of might
 h - a potion of brilliance {unknown}

Dungeon Overview and Level Annotations

Branches:
Dungeon (2/15)

Altars:

Annotations:
D:2 Natasha


Message History

You hit the jackal. x2; You hit the hobgoblin.
The jackal barely misses you. You block the jackal's attack. x3
The hobgoblin hits you. You block the cerulean imp's attack.
Natasha mumbles some strange words.
The jackal bites you but does no damage.
The jackal bites you.
The jackal bites you but does no damage.
You barely miss Natasha.
Natasha is almost dead.
You hit the hobgoblin.
You kill the hobgoblin!
You barely miss the jackal. x2; You closely miss the jackal.
The cerulean imp hits you from afar with a +0 spear.
The cerulean imp hits you but does no damage.
You block the jackal's attack. Natasha barely misses you.
The jackal barely misses you.
The jackal bites you but does no damage.
The cerulean imp hits you but does no damage. x3
The jackal bites you but does no damage.
Natasha claws you but does no damage.
You have reached level 4!
You feel stronger.
You hit Natasha but do no damage.
Natasha is almost dead.
You closely miss the jackal. You hit the jackal. You slash the jackal!
You kill the jackal!
You block the jackal's attack.
The jackal bites you but does no damage. x2
The jackal barely misses you. You block the cerulean imp's attack.
The cerulean imp completely misses you.
The cerulean imp hits you but does no damage.
Natasha barely misses you.
The jackal bites you but does no damage. x2
You hit Natasha but do no damage.
Natasha is almost dead.
You slash the rat!
You kill the rat!
You closely miss the jackal. x2
The cerulean imp closely misses you. You block the cerulean imp's attack.
The cerulean imp hits you from afar with a +0 spear.
You die...

.............#
.............#
....(........#
.............#
.............#
.....5.......#
......hhh....#
.....5%@.....#
#....5.......#
#............#####
#.?...............
..................
..................
$.................
.........%.#######
...........#


You could see Natasha, 3 cerulean imps and 2 jackals.

Vanquished Creatures
  Natasha (D:2)
  A dart slug (D:1)
  2 bats (D:1)
  4 endoplasms
  2 giant cockroaches (D:1)
  3 goblins (D:1)
  4 hobgoblins
  2 jackals (D:2)
  2 kobolds (D:1)
  A quokka (D:1)
  2 ball pythons (D:1)
  2 frilled lizards (D:1)
  5 rats
31 creatures vanquished.

Notes
Turn   | Place    | Note
-------+----------+-------------------------------------------
     0 | D:1      | qw the Gargoyle Fighter began the quest for the Orb.
     0 | D:1      | Reached XP level 1. HP: 14/14 MP: 1/1
     0 | D:1      | 0 ||| qw: Version: 0.3-a-35-g05ef00e
     0 | D:1      | 0 ||| qw: Game counter: 7798
     0 | D:1      | 0 ||| qw: Melee chars always use a shield: true
     0 | D:1      | 0 ||| qw: God list: Okawaru
     0 | D:1      | 0 ||| qw: Allow faded altars: false
     0 | D:1      | 0 ||| qw: Do Orc after clearing Dungeon:15 true
     0 | D:1      | 0 ||| qw: Do second Lair branch before Depths: true
     0 | D:1      | 0 ||| qw: Lair rune preference: random
     0 | D:1      | 0 ||| qw: Goals: Normal, Zot:1-4, Slime:5, God:TSO, Crypt,
                  | Tomb, Abyss, Pan, Hells, Win
     0 | D:1      | 0 ||| PLANNING D:1-11
   194 | D:1      | Reached XP level 2. HP: 19/19 MP: 2/2
   257 | D:1      | 257 ||| Stepping ~*~*~tactically~*~*~ (hiding).
   279 | D:1      | 279 ||| Stepping ~*~*~tactically~*~*~ (stealth).
   284 | D:1      | 284 ||| Stepping ~*~*~tactically~*~*~ (stealth).
   291 | D:1      | Reached skill level 3 in Axes
   364 | D:1      | Reached XP level 3. HP: 23/23 MP: 3/3
   721 | D:1      | 721 ||| UPGRADING to +0 kite shield.
   731 | D:1      | 731 ||| DROPPING +0 buckler.
   732 | D:1      | 732 ||| UPGRADING to +0 chain mail.
   742 | D:1      | 742 ||| DROPPING +0 scale mail.
   743 | D:1      | 743 ||| READING scroll labelled YPSYSK BEICSO.
   787 | D:2      | Noticed Natasha
   793 | D:2      | Killed Natasha
   796 | D:2      | Reached skill level 4 in Shields
   825 | D:2      | Noticed Natasha
   836 | D:2      | HP: 5/23 [hobgoblin (1)]
   838 | D:2      | Reached XP level 4. HP: 3/28 MP: 4/4
   839 | D:2      | Slain by a cerulean imp

Levels and vault maps discovered:
D:1:      ncdulo_halloftheorcs, layout_loops_ring
D:2:      kennysheep_the_goblin_king, layout_basic, uniq_crazy_yiuf_cottage,
          uniq_natasha

Skill      XL: |  1  2  3 |
---------------+----------+-----
Axes           | 2 3 |  3.3
Shields        | 4 |  4.0
Fighting       | |  3.2
Armour         | |  3.2

Action                     |  1- 3 |  4- 6 || total
---------------------------+-------+-------++-------
  Melee: War axe           |    75 |     2 ||    77
    Use: Scroll            |     1 |       ||     1
 Armour: Scale mail        |    20 |       ||    20
         Chain mail        |    21 |     5 ||    26
  Dodge: Dodged            |    26 |     4 ||    30
  Block: Buckler           |    10 |       ||    10
         Kite shield       |    21 |     3 ||    24

Table legend:
 A = Non-vault XP
 B = Vault XP
 C = Vault XP percentage of total XP
 D = Non-vault monster count
 E = Vault monster count
 F = Vault count percentage of total count
                 A         B        C        D         E       F
            +---------+---------+-------+---------+---------+-------
      Total |      52 |      33 |  38.8 |      30 |       1 |   3.2
            +---------+---------+-------+---------+---------+-------
        D:1 |      40 |       0 |   0.0 |      22 |       0 |   0.0
        D:2 |      12 |      33 |  73.3 |       8 |       1 |  11.1
            +---------+---------+-------+---------+---------+-------
